 Dungeon Crawl Stone Soup version 0.31-a0-664-g902f515a81 (webtiles) character file.

Game seed: 7670534814022758842

178 mopl the Vexing (level 5, -4/29 HPs)
             Began as a Deep Elf Enchanter on Sept 2, 2023.
             Slain by an ogre
             ... wielding a +0 giant club
              (33 damage)
             ... on level 4 of the Dungeon.
             The game lasted 00:05:56 (2930 turns).

mopl the Vexing (Deep Elf Enchanter)                Turns: 2930, Time: 00:05:56

Health: -4/29      AC:  2    Str:  5    XL:     5   Next: 32%
Magic:  13/13      EV: 12    Int: 22    God:
Gold:   135        SH:  0    Dex: 15    Spells: 0/12 levels left

rFire   . . .        a - +1 dagger
rCold   . . .        (no shield)
rNeg    . . .        b - +0 robe
rPois   .            (no helmet)
rElec   .            (no cloak)
rCorr   .            (no gloves)
SInv    .            (no boots)
Will    .....        (no amulet)
Stlth   +++          (no ring)
HPRegen 0.24/turn    (no ring)
MPRegen 0.13/turn

%: no passive effects
@: no status effects
A: no striking features
a: no special abilities


You were on level 4 of the Dungeon.
You visited 1 branch of the dungeon, and saw 4 of its levels.

You collected 135 gold pieces.

Inventory:

Hand Weapons
 a - a +1 dagger (weapon)
 k - the +5 Force Lance {heavy, knockback}
   (You found it on level 2 of the Dungeon)
Missiles
 j - 2 poisoned darts
 o - 3 boomerangs
Armour
 b - a +0 robe (worn)
Wands
 r - a wand of roots (9)
 s - a wand of acid (12)
Scrolls
 d - 3 scrolls of teleportation {unknown}
 e - 6 scrolls of identify {unknown}
 h - a scroll of noise {unknown}
 i - a scroll of torment {unknown}
 m - a scroll of enchant weapon {unknown}
 n - a scroll of amnesia {unknown}
 q - 2 scrolls of summoning {unknown}
Potions
 c - 2 potions of invisibility
 f - 2 potions of curing {unknown}
 g - a potion of degeneration {unknown}
 l - 2 potions of might {unknown}
 p - a potion of haste {unknown}


   Skills:
 + Level 1.6 Fighting
 + Level 2.4 Short Blades
 - Level 2.4 Dodging
 + Level 4.6 Stealth
 + Level 4.2 Spellcasting
 + Level 5.0 Hexes
 + Level 0.4 Transmutations
 + Level 0.0 Earth Magic


You couldn't memorise any spells.
You knew the following spells:

 Your Spells              Type           Power      Damage    Failure   Level
a - Petrify               Tmut/Erth      5%         N/A       69%         4
b - Ensorcelled Hibernat  Hex/Ice        30%        N/A       6%          2
c - Confusing Touch       Hex            26%        N/A       4%          3
d - Tukima's Dance        Hex            26%        N/A       4%          3

Your spell library contained the following spells:

 Spells                   Type           Power      Damage    Failure   Level
 Freeze                   Ice            16%        1d4       11%         1
 Dazzling Flash           Conj/Hex       30%        N/A       12%         3
 Sublimation of Blood     Necr           4%         N/A       17%         2
 Frozen Ramparts          Ice            8%         1d2       32%         3
 Hailstorm                Conj/Ice       4%         3d4       32%         3
 Summon Mana Viper        Hex/Summ       15%        N/A       73%         5
 Irradiate                Conj/Tmut      2%         3d12      95%         5
 Summon Forest            Summ/Tloc      2%         N/A       97%         5
 Summon Cactus Giant      Summ           2%         N/A       100%        6


Dungeon Overview and Level Annotations

Branches:
Dungeon (4/15)
 Temple: D:4-7

Altars:


Message History

You kill the giant cockroach!
The hobgoblin barely misses you.
You barely miss the hobgoblin. The hobgoblin hits you.
You are too injured to fight recklessly!
You are too injured to fight recklessly!
You are too injured to fight recklessly!
Casting: Ensorcelled Hibernation (safe; 6% risk of failure)
Confirm with . or Enter, or press ? or * to list all spells.
Aiming: Ensorcelled Hibernation (safe; 6% risk of failure)
Press: ? - help, Shift-Dir - straight line, f - hobgoblin
Aim: a hobgoblin (chance to affect: 66%)
The hobgoblin looks drowsy...
The helpless hobgoblin fails to defend itself.
You impale the hobgoblin!!
You kill the hobgoblin!
You start resting.
Magic restored.
You start resting.
HP restored.
A ball python comes into view.
A ball python is nearby!
The ball python hisses angrily.
The ball python bites you but does no damage.
The ball python grabs you. The ball python constricts you.
You completely miss the ball python. The ball python closely misses you.
The ball python constricts you.
The ball python looks drowsy...
The ball python loses its grip on you.
The helpless ball python fails to defend itself.
You impale the ball python!!
You kill the ball python!
You see here a ball python corpse.
Found a stone staircase leading down.
An ogre comes into view. It is wielding a +0 giant club.
An orc wizard comes into view. It is wielding a +0 dagger.
The helpless ogre fails to defend itself.
You impale the ogre!!
The ogre is almost dead.
The ogre hits you with a +0 giant club!!
Ouch! That really hurt!
You die...

#>...........†......
#...........######.#
##
#.###............#.#
#..
#........###.###.#.#
#...#.....##.....#
#.#.#
#..........#.###.#
#.#.. #....#.....#.#
#.# #.#.. #...
#.....#.# #.###.#..
#.. ##@####..
.........
#.....O......#
#####.#.#
#...###....#.# #....
#. .###.#.# ###.. .
.#.#########.. #.
#.......).... o.
#######..... ..
#...#....# #......#


You could see an ogre and an orc wizard (asleep).

Vanquished Creatures
  2 gnolls (D:2)
  4 adders
  2 worms
  2 dart slugs (D:2)
  5 orcs
  8 ball pythons
  9 bats
  7 endoplasms
  6 giant cockroaches
  6 goblins
  7 hobgoblins
  5 jackals (D:2)
  5 quokkas
  2 frilled lizards
  4 kobolds
  22 rats
96 creatures vanquished.

Vanquished Creatures (collateral kills)
  A gnoll (D:2)
1 creature vanquished.

Grand Total: 97 creatures vanquished

Notes
Turn   | Place    | Note
-------+----------+-------------------------------------------
     0 | D:1      | mopl the Deep Elf Enchanter began the quest for the Orb.
     0 | D:1      | Reached XP level 1. HP: 10/10 MP: 6/6
   256 | D:1      | Reached XP level 2. HP: 7/16 MP: 8/8
   324 | D:1      | Learned a level 2 spell: Ensorcelled Hibernation
   757 | D:2      | Reached skill level 4 in Stealth
   757 | D:2      | Reached XP level 3. HP: 20/20 MP: 3/9
   838 | D:1      | Learned a level 3 spell: Tukima's Dance
   842 | D:1      | Learned a level 3 spell: Confusing Touch
   898 | D:2      | Found a faded altar of an unknown god.
   934 | D:2      | Reached skill level 1 in Fighting
  1003 | D:2      | Reached XP level 4. HP: 18/25 MP: 11/11
  1127 | D:2      | Reached skill level 2 in Short Blades
  1193 | D:2      | Found the +5 Force Lance {heavy, knockback}
  2015 | D:3      | Reached skill level 4 in Spellcasting
  2127 | D:3      | Reached XP level 5. HP: 10/29 MP: 10/13
  2407 | D:3      | Reached skill level 5 in Hexes
  2490 | D:3      | Learned a level 4 spell: Petrify
  2922 | D:4      | Noticed an ogre
  2930 | D:4      | Slain by an ogre

Illustrated notes

Levels and vault maps discovered:
D:1:      mushboom_english_gardens, layout_loops_ring, minmay_hexomino_c4
D:2:      minmay_recursive_quarters, layout_rooms, nicolae_ecumenical_oubliette,
          minmay_rat_hole
D:3:      layout_rooms
D:4:      layout_basic, minitemple

Skill      XL: |  1  2  3  4  5 |
---------------+----------------+-----
Stealth        | 4 |  4.6
Fighting       | 1 |  1.6
Short Blades   | 2 |  2.4
Spellcasting   | 4 |  4.2
Hexes          | 5 |  5.0
Dodging        | |  2.4
Transmutations | |  0.4

Action                     |  1- 3 |  4- 6 || total
---------------------------+-------+-------++-------
  Melee: Dagger            |    98 |   167 ||   265
         Punch             |     1 |     2 ||     3
   Cast: Ensorcelled Hiber |    11 |    38 ||    49
         Tukima's Dance    |     1 |     1 ||     2
   Stab: Sleeping          |    14 |    31 ||    45
 Armour: Robe              |    44 |    97 ||   141
  Dodge: Dodged            |    58 |   123 ||   181

Table legend: (Time is in decaauts)
 A = Elapsed time spent in this place.
 B = Non-inter-level travel time spent in this place.
 C = Inter-level travel time spent in this place.
 D = Time resting spent in this place.
 E = Time spent auto-exploring this place.
 F = Levels seen in this place.
 G = Mean time per level.
                   A        B        C        D        E       F      G
               +--------+--------+--------+--------+--------+-----+--------+
         Total |   2910 |   2809 |    101 |    647 |   1433 |   4 |  727.5 |
       Dungeon |   2910 |   2809 |    101 |    647 |   1433 |   4 |  727.5 |
               +--------+--------+--------+--------+--------+-----+--------+

Top non-repeatable levels by time:
     D:2: 1080 daAuts
     D:1: 899 daAuts
     D:3: 696 daAuts
     D:4: 234 daAuts
